 Dungeon Crawl Stone Soup version 0.26.0-8-g74fc34ddfb (webtiles) character file.

Game seed: 8334736834911436841

158 hatsuma the Conjurer (level 5, -9/41 HPs)
             Began as a Draconian Conjurer on Jan 13, 2021.
             Was a Follower of Qazlal.
             Killed by divine providence
             ... invoked by an orc priest
              (13 damage)
             ... on level 3 of the Dungeon.
             The game lasted 00:22:24 (2784 turns).

hatsuma the Conjurer (Draconian Conjurer)           Turns: 2784, Time: 00:22:25

Health: -9/41      AC:  5    Str: 10    XL:     5   Next: 16%
Magic:  1/8        EV: 12    Int: 19    God:    Qazlal [*.....]
Gold:   180        SH:  1    Dex:  9    Spells: 2/8 levels left

rFire    x . .     SeeInvis .   b - +0 dagger
rCold    + . .     Faith    .   (no shield)
rNeg     . . .     Spirit   .   (armour unavailable)
rPois    .         Reflect  .   (helmet restricted)
rElec    .         Harm     .   (no cloak)
rCorr    .         Rampage  .   (no gloves)
Will     .....                  (no boots)
Stlth    ++........             (no amulet)
HPRegen  0.13/turn              e - ring of ice
MPRegen  0.11/turn              (no ring)

@: no status effects
A: unfitting armour, cold-blooded, AC +5
a: Renounce Religion


You were on level 3 of the Dungeon.
You worshipped Qazlal.
Qazlal was aware of your devotion.
You visited 1 branch of the dungeon, and saw 3 of its levels.

You collected 180 gold pieces.

Inventory:

Hand Weapons
 b - a +0 dagger (weapon)
Jewellery
 e - a ring of ice (left hand)
Scrolls
 f - a scroll of teleportation
 g - a scroll of magic mapping
 h - 3 scrolls of fog {unknown}
 i - a scroll of amnesia
Potions
 a - a potion of degeneration {unknown}
 c - a potion of resistance {unknown}
 d - a potion of heal wounds {unknown}


   Skills:
 + Level 2.1 Fighting
 - Level 2.0 Dodging
 - Level 1.7 Stealth
 - Level 2.0 Spellcasting
 - Level 5.0 Conjurations
 - Level 2.0 Hexes
 - Level 1.9 Invocations


You had 2 spell levels left.
You knew the following spells:

 Your Spells              Type           Power        Failure   Level
a - Magic Dart            Conj           84%          2%          1
b - Searing Ray           Conj           42%          3%          2
c - Dazzling Flash        Conj/Hex       30%          12%         3

Your spell library contained the following spells:

 Spells                   Type           Power        Failure   Level
 Fulminant Prism          Conj/Hex       7%           36%         4
 Iskenderun's Mystic Bla  Conj/Tloc      11%          52%         4


Dungeon Overview and Level Annotations

Branches:
Dungeon (3/15)

Altars:
Fedhas
Gozag
Qazlal


Innate Abilities, Weirdness & Mutations

Your plain brown scales are hard. (AC +5)
You cannot fit into any form of body armour.
You are cold-blooded and may be slowed by cold attacks.


Message History

The orc priest mumbles some strange prayers to Beogh against you.
Pain shoots through your body!
You completely miss the orc priest.
The orc priest is heavily wounded.
The orc priest closely misses you.
You closely miss the orc priest.
The orc priest is moderately wounded.
The orc priest hits you with a cursed -2 flail!
* * * LOW HITPOINT WARNING * * *
The orc priest invokes the aid of Beogh against you.
Pain shoots through your body!
* * * LOW HITPOINT WARNING * * *
You completely miss the orc priest.
The orc priest is moderately wounded.
The orc priest hits you but does no damage.
You barely miss the orc priest. You tail-slap the orc priest.
The orc priest is heavily wounded.
The orc priest invokes the aid of Beogh against you.
Beogh smites you!
You die...

#...........#
#. #..
#######..####
#.. ##.## #..
#..# ### ##)#
#.# #.## #..#
##@# ##o##
#...# #.#.#
###.###
#.....#
#.#.###
#.._..#
###.#.#


You could see an orc priest.

Vanquished Creatures
  An orc priest (D:3)
  Natasha (twice) (D:2)
  An ooze (D:1)
  3 worms (D:2)
  2 dart slugs
  3 orcs (D:3)
  2 giant cockroaches
  8 goblins
  8 hobgoblins
  4 ball pythons
  7 bats
  7 frilled lizards
  11 kobolds
  6 rats
65 creatures vanquished.

Vanquished Creatures (others)
  16 plants
16 creatures vanquished.

Grand Total: 81 creatures vanquished

Notes
Turn   | Place    | Note
-------+----------+-------------------------------------------
     0 | D:1      | hatsuma the Draconian Conjurer began the quest for the Orb.
     0 | D:1      | Reached XP level 1. HP: 14/14 MP: 3/3
   105 | D:1      | Reached skill level 1 in Fighting
   381 | D:1      | Reached XP level 2. HP: 24/24 MP: 5/5
   391 | D:1      | Learned a level 2 spell: Searing Ray
   951 | D:1      | Reached XP level 3. HP: 29/29 MP: 3/6
   985 | D:1      | Learned a level 3 spell: Dazzling Flash
  1154 | D:2      | Found a stormy altar of Qazlal.
  1209 | D:2      | Became a worshipper of Qazlal Stormbringer
  1335 | D:2      | Noticed Natasha
  1346 | D:2      | Killed Natasha
  1347 | D:2      | Reached skill level 1 in Hexes
  1416 | D:2      | Reached XP level 4. HP: 36/36 MP: 3/7
  2118 | D:2      | Found a blossoming altar of Fedhas.
  2156 | D:2      | Reached * piety under Qazlal
  2370 | D:2      | Noticed Natasha
  2384 | D:2      | Killed Natasha
  2385 | D:2      | Reached skill level 1 in Invocations
  2731 | D:3      | Found an opulent altar of Gozag.
  2765 | D:3      | Reached skill level 5 in Conjurations
  2765 | D:3      | Reached XP level 5. HP: 41/41 MP: 1/8
  2784 | D:3      | Killed from afar by an orc priest

Illustrated notes

Levels and vault maps discovered:
D:1:      dpeg_arrival_arbitrary_b, layout_basic, serial_bayou_lake_a
D:2:      kennysheep_six_static_rooms, layout_basic, lemuel_round_altar,
          fedhas_altar_1, uniq_natasha
D:3:      layout_basic, nicolae_gozag_cash_rules_everything_around_me

Skill      XL: |  1  2  3  4 |
---------------+-------------+-----
Fighting       | 1 2 |  2.1
Dodging        | 2 |  2.0
Hexes          | 2 |  2.0
Invocations    | 1 |  1.9
Conjurations   | 5 |  5.0
Stealth        | |  1.7
Spellcasting   | |  2.0

Action                   |  1- 3 |  4- 6 || total
-------------------------+-------+-------++-------
Melee: Club              |    17 |       ||    17
       Short sword       |    31 |     6 ||    37
       Tailslap          |     3 |     4 ||     7
       Dagger            |       |    44 ||    44
 Cast: Magic Dart        |    25 |    21 ||    46
       Searing Ray       |    13 |     6 ||    19
  Use: Scroll            |     1 |     3 ||     4
 Stab: Sleeping          |     3 |     3 ||     6
       Distracted        |     1 |       ||     1
Armor: Skin              |    17 |    17 ||    34
Dodge: Dodged            |    46 |    23 ||    69
Block: Other             |       |     2 ||     2
